Map: [ESL] Oceanborn

Players

Scarlett - Winner!

  • Race: Zerg Zerg
  • Spawn Location: 5:00

Highdra

  • Race: Protoss Protoss
  • League: Grandmaster
  • Spawn Location: 11:00

Event: HomeStory Cup XXIV

VOD

Have the link to the VOD?

Description

Time

  • Played on: Dec. 2, 2023, 1:10 p.m.
  • Length: 10:06

All games in this series

Show
View Real Time Build Order
Export as new Build Order

Scarlett Zerg - Winner!

Build Orders: Hatch First 

Get SALT Encoding   

  12  0:00  Drone  
  13  0:12  Overlord  
  13  0:17  Drone  
  14  0:30  Drone x2  
  16  0:46  Drone x2  
  18  0:53  Hatchery  
  18  0:57  Drone  
  18  1:00  Extractor  
  17  1:12  Spawning Pool  
  17  1:16  Drone  
  17  1:18  Drone  
  18  1:28  Drone  
  19  1:39  Drone  
  20  1:49  Overlord  
  20  1:58  Queen  
  22  2:01  Metabolic Boost  
  22  2:05  Zergling x2, Queen  
  22  2:07  Drone  
  26  2:11  Zergling x2  
  27  2:16  Drone  
  27  2:22  Drone  
  29  2:26  Drone  
  30  2:41  Queen  
  30  2:43  Hatchery  
  31  2:45  Overlord  
  31  2:48  Zergling x2  
  31  2:49  Zergling x2  
  33  2:53  Drone  
  33  2:57  Zergling x2  
  35  3:05  Queen, Overlord  
  35  3:10  Drone x2  
  39  3:13  Drone x2  
  39  3:15  Drone  
  41  3:32  Queen  
  41  3:33  Drone x3, Overlord  
  44  3:39  Drone  
  45  3:42  Queen  
  45  3:44  Overlord  
  45  3:47  Drone x2  
  49  3:53  Drone x3  
  52  3:57  Drone x3  
  55  4:03  Queen  
  55  4:09  Spore Crawler  
  56  4:11  Zergling x8  
  60  4:17  Drone x4  
  60  4:22  Evolution Chamber  
  60  4:24  Spore Crawler  
  62  4:29  Drone, Overlord  
  62  4:30  Drone x2  
  65  4:34  Drone x2  
  65  4:38  Overlord  
  67  4:46  Drone x5  
  67  4:52  Hatchery  
  69  4:55  Zerg Melee Weapons Level 1  
  69  4:56  Drone  
  69  4:59  Drone x3  
  73  5:05  Drone x5  
  78  5:09  Lair  
  78  5:14  Drone  
  78  5:15  Drone x3  
  78  5:16  Extractor  
  78  5:19  Spore Crawler  
  79  5:22  Drone x5  
  84  5:32  Drone x5  
  84  5:33  Overlord  
  89  5:36  Hatchery  
  89  5:41  Drone  
  89  5:42  Extractor  
  88  5:43  Extractor  
  88  5:44  Roach Warren  
  88  5:45  Extractor, Overlord  
  88  5:46  Zergling x8  
  88  5:47  Extractor  
  88  5:53  Zergling x2  
  89  6:01  Zergling x16  
  97  6:07  Overseer  
  97  6:17  Drone  
  97  6:18  Drone x7  
  105  6:25  Glial Reconstitution, Drone  
  105  6:30  Roach x3  
  105  6:31  Baneling Nest  
  105  6:32  Overlord x8  
  110  6:37  Spore Crawler  
  109  6:46  Drone x3  
  112  6:50  Zerg Missile Weapons Level 1  
  112  6:51  Roach x6  
  124  6:54  Roach x3  
  124  6:59  Drone x7  
  136  7:02  Roach x3  
  136  7:05  Roach  
  144  7:13  Roach x5  
  144  7:15  Centrifugal Hooks  
  154  7:22  Roach x7  
  168  7:25  Overlord  
  168  7:26  Overlord  
  168  7:29  Overlord  
  168  7:30  Overlord  
  168  7:40  Zergling x12  
  174  7:48  Zergling x20  
  184  7:52  Baneling x24  
  184  7:53  Baneling x2  
  184  7:59  Zergling x14  
  184  8:02  Baneling x8  
  184  8:03  Baneling  
  191  8:06  Zergling x8  
  191  8:08  Baneling x3  
  195  8:14  Baneling x4  
  195  8:17  Zergling x10  
  188  8:50  Zergling x2  
  188  8:51  Zergling x30  
  188  8:55  Zergling x14  
  183  9:03  Zergling x32  
  189  9:12  Roach x5  
  189  9:16  Roach x6  
  194  9:20  Roach  
  194  9:22  Baneling x13, Roach x3  
  193  9:25  Ravager x2  
  193  9:26  Ravager x2  
  195  9:32  Zergling x10  
  195  9:35  Zergling x10  
  194  9:40  Zergling x10  
  186  9:45  Roach x5  
Show
View Real Time Build Order
Export as new Build Order

Highdra Protoss 

Build Orders: 1 Gate Expand, Oracle Opening 

Get SALT Encoding   

  12  0:00  Probe  
  13  0:12  Probe  
  14  0:19  Pylon  
  14  0:24  Probe (Chrono Boost)  
  15  0:37  Probe (Chrono Boost)  
  15  0:41  Gateway  
  16  0:45  Probe (Chrono Boost)  
  17  0:51  Assimilator  
  17  0:53  Probe  
  18  1:05  Probe  
  19  1:17  Probe  
  20  1:26  Nexus  
  20  1:35  Cybernetics Core  
  20  1:38  Probe  
  21  1:43  Assimilator  
  21  1:50  Probe  
  21  1:53  Pylon  
  22  2:02  Probe  
  23  2:09  Adept (Chrono Boost)  
  23  2:14  Probe  
  26  2:22  Stargate  
  26  2:27  Probe (Chrono Boost)  
  26  2:29  Adept (Chrono Boost)  
  27  2:35  Warp Gate (Chrono Boost)  
  29  2:38  Probe (Chrono Boost)  
  31  2:45  Probe (Chrono Boost)  
  31  2:47  Probe (Chrono Boost)  
  33  2:51  Probe (Chrono Boost)  
  33  2:52  Probe (Chrono Boost), Adept  
  36  3:03  Probe  
  36  3:04  Probe  
  38  3:06  Oracle (Chrono Boost)  
  41  3:18  Probe x2  
  41  3:19  Pylon  
  43  3:30  Probe  
  43  3:31  Probe  
  43  3:37  Oracle  
  44  3:43  Nexus, Probe x2  
  46  3:48  Gateway  
  46  3:55  Probe x2  
  48  4:00  Pylon  
  48  4:07  Probe x2  
  50  4:11  Pylon  
  50  4:16  Oracle  
  53  4:19  Probe x2  
  53  4:20  Assimilator  
  53  4:22  Assimilator, Adept  
  57  4:31  Probe x2  
  58  4:33  Twilight Council, Forge  
  59  4:38  Shield Battery  
  59  4:43  Adept, Probe x2  
  63  4:48  Adept  
  64  4:55  Probe  
  64  4:57  Probe x2  
  67  5:06  Protoss Ground Weapons Level 1 (Chrono Boost)  
  67  5:07  Probe  
  67  5:09  Probe x2  
  67  5:10  Blink  
  67  5:13  Robotics Facility  
  70  5:20  Probe (Chrono Boost)  
  71  5:22  Probe (Chrono Boost)  
  71  5:25  Probe (Chrono Boost)  
  73  5:30  Pylon  
  73  5:32  Probe (Chrono Boost)  
  73  5:33  Probe (Chrono Boost)  
  76  5:37  Probe (Chrono Boost)  
  76  5:39  Gateway, Probe (Chrono Boost)  
  76  5:40  Gateway  
  76  5:42  Gateway  
  77  5:43  Gateway  
  77  5:44  Probe  
  77  5:46  Probe  
  79  5:52  Sentry x2  
  79  5:55  Pylon  
  79  5:56  Pylon  
  83  6:05  Probe x2  
  83  6:06  Probe  
  85  6:13  Immortal (Chrono Boost)  
  85  6:17  Stalker  
  91  6:19  Stalker  
  91  6:20  Probe x2  
  91  6:22  Gateway x2  
  91  6:24  Assimilator  
  91  6:26  Assimilator, Pylon  
  91  6:38  Sentry  
  91  6:39  Sentry, Stalker x2  
  99  6:43  Immortal (Chrono Boost)  
  103  6:48  Stalker x2  
  107  6:57  Protoss Ground Weapons Level 2 (Chrono Boost)  
  107  7:03  Pylon  
  107  7:05  Pylon  
  107  7:09  Stalker x2  
  107  7:10  Stalker  
  107  7:11  Stalker x2  
  117  7:16  Pylon  
  117  7:17  Pylon  
  117  7:20  Warp Prism (Chrono Boost)  
  119  7:33  Stalker x6  
  119  7:37  Pylon x2  
  131  7:38  Pylon  
  131  7:48  Observer  
  132  7:57  Stalker x7  
  146  7:58  Sentry  
  148  8:14  Pylon  
  148  8:27  Stalker  
  148  8:28  Stalker x7  
  148  8:31  Immortal  
  164  8:53  Stalker  
  164  8:54  Stalker x6  
  150  9:14  Stalker  
  145  9:17  Stalker x5  
  145  9:18  Stalker  
  154  9:37  Stalker  
  146  9:45  Stalker x2  
  118  9:46  Stalker  
  118  9:49  Stalker x3  
Tags
 
Add a new tag
Caveats
  • Supply blocks, unpowered buildings, or Contaminate may cause inaccurate times.
  • Supply counts are checked every 10 seconds.